[Event "*** Qualifier 2: Titled Tuesday 3|2 Blitz"]
[Site "Chess.com"]
[Date "2017.04.11"]
[Round "7"]
[White "Alex_Molchanov"]
[Black "Alexander_Moskalenko"]
[Result "0-1"]
[WhiteElo "2426"]
[BlackElo "2655"]
[TimeControl "180+2"]
[EndTime "14:39:28 PDT"]
[Termination "Alexander_Moskalenko won on time"]

1. c4 d6 2. Nc3 e6 3. g3 g6 4. Bg2 Bg7 5. Nf3 Ne7 6. O-O b6 7. Ne1 c6 8. d4 Bb7 9. e4 d5 10. cxd5 cxd5 11. e5 Ba6 12. Nd3 Nbc6 13. Be3 O-O 14. Re1 Nf5 15. Nf4 Rc8 16. Qa4 Bb7 17. Rac1 a6 18. Qd1 b5 19. Qd2 Qb6 20. Nce2 h5 21. Nd3 Nxe3 22. fxe3 Bh6 23. Nc5 Nxe5 24. Nxb7 Rxc1 25. Rxc1 Ng4 26. Nf4 Qxb7 27. h3 Nf6 28. Qc2 h4 29. gxh4 Bxf4 30. exf4 Nh5 31. Qc6 Qe7 32. Qxa6 Nxf4 33. Qxb5 Qxh4 34. Qf1 Qg5 35.
Rc3 Rb8 36. b3 Rb4 37. Qf2 Rxd4 38. Rg3 Qxg3 39. Qxg3 Ne2+ 0-1

[Event "*** Qualifier 2: Titled Tuesday 3|2 Blitz"]
[Site "Chess.com"]
[Date "2017.04.11"]
[Round "7"]
[White "brauliocuarta"]
[Black "aRk_iN"]
[Result "1/2-1/2"]
[WhiteElo "2047"]
[BlackElo "2137"]
[TimeControl "180+2"]
[EndTime "14:39:35 PDT"]
[Termination "Game drawn by repetition"]

1. d4 Nf6 2. c4 g6 3. Nc3 d5 4. Nf3 Bg7 5. h4 c5 6. dxc5 Qa5 7. cxd5 Ne4 8. Bd2 Nxc3 9. Bxc3 Bxc3+ 10. bxc3 Qxc3+ 11. Nd2 O-O 12. Rc1 Qa5 13. h5 Bd7 14. Qc2 Na6 15. hxg6 fxg6 16. e3 Rac8 17. Bxa6 Qxa6 18. Qe4 Rf7 19. f3 Bf5 20. Qc4 Qa3 21. Kf2 Qb2 22.
Rhd1 Qa3 23. e4 Bd7 24. Nb3 Rc7 25. Rc2 a5 26. Kg1 a4 27. Nd4 Qe3+ 28. Kh1 Qh6+ 29. Kg1 Qe3+ 30. Kh1 Qh6+ 31. Kg1 Qe3+ 32. Kh1 Qh6+ 1/2-1/2

[Event "*** Qualifier 2: Titled Tuesday 3|2 Blitz"]
[Site "Chess.com"]
[Date "2017.04.11"]
[Round "7"]
[White "penguingm1"]
[Black "macko06"]
[Result "0-1"]
[WhiteElo "2572"]
[BlackElo "2358"]
[TimeControl "180+2"]
[EndTime "14:39:40 PDT"]
[Termination "macko06 won on time"]

1. d4 Nf6 2. c4 e6 3. Nc3 Bb4 4. Qc2 O-O 5. Nf3 b6 6. e4 Bb7 7. Bd3 c5 8. e5 Bxf3 9. gxf3 Nh5 10.
Bxh7+ Kh8 11. a3 Bxc3+ 12. bxc3 Nc6 13. Be3 f5 14. exf6 Qxf6 15. Be4 d5 16. cxd5 exd5 17.
Bxd5 cxd4 18. cxd4 Nxd4 19. Bxd4 Rae8+ 20. Be4 Qxd4 21. Rd1 Qf6 22. Kf1 Rc8 23. Qd2 Qh4 24.
h3 Ng3+ 25. Kg2 Nxh1 26. Rxh1 Rc5 27. Qd6 Rd8 28. Qh2 Rg5+ 29. Kf1 Rd1+ 30. Ke2 Rd8 31. Rd1 Re8 32. Kf1 Rh5 33. Kg2 Ra5 34. Rd7 Rxe4 35. fxe4 Qxe4+ 36. Kf1 Qc4+ 37. Ke1 Qe6+ 0-1

[Event "*** Qualifier 2: Titled Tuesday 3|2 Blitz"]
[Site "Chess.com"]
[Date "2017.04.11"]
[Round "7"]
[White "Indianlad"]
[Black "LawrenceTrent"]
[Result "1-0"]
[WhiteElo "2607"]
[BlackElo "2443"]
[TimeControl "180+2"]
[EndTime "14:39:51 PDT"]
[Termination "Indianlad won by checkmate"]

1. e4 e5 2. Nf3 Nc6 3. Bb5 a6 4.
Ba4 Nf6 5. O-O Bc5 6. c3 b5 7. Bb3 d6 8. d4 Bb6 9. a4 Bg4 10. Bg5 Bxf3 11. Qxf3 exd4 12. axb5 Ne5 13. Qd1 d3 14.
bxa6 h6 15. Bf4 O-O 16. Nd2 Qc8 17. Bxe5 dxe5 18. Bc4 Rd8 19. Qf3 Qd7 20. h3 Nh7 21. Qf5 Qe7 22. Nf3 Ng5 23. Nxe5 Rd6 24. Nxd3 Rf6 25.
Qg4 Nxe4 26. Bd5 Nxf2 27. Nxf2 Ra7 28. Bb7 Qe3 29. Kh1 Rxf2 30. Rxf2 Qxf2 31. Qc8+ Kh7 32. Qe8 g6 33. Qb5 c6 34. Qc4 Bc7 35. Rf1 Qg3 36.
Qxf7+ Kh8 37. Qf8+ Kh7 38. Rf7# 1-0

[Event "*** Qualifier 2: Titled Tuesday 3|2 Blitz"]
[Site "Chess.com"]
[Date "2017.04.11"]
[Round "7"]
[White "Marcus_Harvey"]
[Black "FairChess_on_YouTube"]
[Result "0-1"]
[WhiteElo "2513"]
[BlackElo "2698"]
[TimeControl "180+2"]
[EndTime "14:39:52 PDT"]
[Termination "FairChess_on_YouTube won on time"]

1. Nf3 b5 2. e4 Bb7 3. Bxb5 Bxe4 4.
O-O c6 5. Ba4 Nf6 6. Nc3 Bxf3 7.
Qxf3 e6 8. d4 d5 9. Ne2 Bd6 10. Bf4 O-O 11. c3 Ne4 12. Bc2 Nf6 13. Bg5 Nbd7 14. Qh3 Qb8 15. b4 a5 16. a3 Qc7 17.
Qh4 Ra7 18. Ng3 Rfa8 19. Rac1 axb4 20. axb4 Ra2 21. Bd3 R8a3 22. Nh5 Nxh5 23. Qxh5 g6 24.
Qh4 Rb2 25. Ra1 Rxc3 26. Ra8+ Nb8 27. Bh6 Rxb4 28. Qf6 Bf8 29. Bxf8 Kxf8 30. Qh8+ Ke7 31. Be2 Qb7 32. Rfa1 Rb1+ 33. Bf1 Rcc1 34. Rxb1 Rxb1 35. Ra2 Rxf1+ 0-1

[Event "*** Qualifier 2: Titled Tuesday 3|2 Blitz"]
[Site "Chess.com"]
[Date "2017.04.11"]
[Round "7"]
[White "StarkAst"]
[Black "Aragon"]
[Result "1-0"]
[WhiteElo "2335"]
[BlackElo "2105"]
[TimeControl "180+2"]
[EndTime "14:39:54 PDT"]
[Termination "StarkAst won on time"]

1. e4 Nc6 2. Nf3 f5 3. exf5 d5 4. Bb5 Bxf5 5. O-O e6 6. Re1 Bd6 7. d4 Ne7 8. Bd3 Qd7 9. Bxf5 Nxf5 10. Nc3 O-O 11. Nb5 Rf6 12. Nxd6 cxd6 13. c3 Raf8 14. Bg5 Rg6 15. Qd2 h6 16. Bh4 Nxh4 17. Nxh4 Rg4 18.
g3 e5 19. dxe5 dxe5 20. Rad1 d4 21. cxd4 Rxh4 22. gxh4 Qg4+ 23. Kh1 Qf3+ 24. Kg1 Rf4 25. h3 Qxh3 26. Re3 Rg4+ 27. Rg3 Rxg3+ 28. fxg3 Nxd4 29. Qg2 Qg4 30. Rd3 b6 31. Re3 Qd1+ 32. Kh2 Kh8 33.
Kh3 Qh5 34. Qe4 Qd1 35. Qg2 1-0

[Event "*** Qualifier 2: Titled Tuesday 3|2 Blitz"]
[Site "Chess.com"]
[Date "2017.04.11"]
[Round "7"]
[White "Infernal_XaM"]
[Black "djano"]
[Result "1-0"]
[WhiteElo "2742"]
[BlackElo "2316"]
[TimeControl "180+2"]
[EndTime "14:39:57 PDT"]
[Termination "Infernal_XaM won by resignation"]

1. c4 f5 2. Nc3 Nf6 3. d3 e6 4. e4 fxe4 5. dxe4 Nc6 6. Nf3 Bd6 7.
Bd3 O-O 8. O-O b6 9. Qe2 Ng4 10. h3 Nge5 11. Nxe5 Nxe5 12. Bc2 Ba6 13. b3 Qh4 14. f4 Ng6 15. e5 Bc5+ 16. Kh2 Bb7 17. g3 Qe7 18. Ne4 Bd4 19. Rb1 d5 20.
exd6 cxd6 21. Ng5 Rf6 22. Rd1 h6 23. Ne4 e5 24. Nxf6+ Qxf6 25. Be4 Bxe4 26. Qxe4 Rf8 27. Rxd4 exd4 28. Bb2 Qf7 29. Re1 Rd8 30. Qxd4 d5 31. c5 bxc5 32. Qxc5 d4 33. Bxd4 Qd7 34. Bf2 Qd2 35.
Qc4+ Kh8 36. Re2 Qd1 37. Qc2 Qd6 38. Be3 Ne7 39. Rd2 Nd5 40. Bd4 Re8 41. Be5 Qe6 42. Qc4 Rd8 43. b4 Kh7 44. b5 g6 45.
a4 Nxf4 46. Qc7+ 1-0

[Event "*** Qualifier 2: Titled Tuesday 3|2 Blitz"]
[Site "Chess.com"]
[Date "2017.04.11"]
[Round "7"]
[White "wonderfultime"]
[Black "FelixBlohberger"]
[Result "0-1"]
[WhiteElo "2646"]
[BlackElo "2256"]
[TimeControl "180+2"]
[EndTime "14:40:14 PDT"]
[Termination "FelixBlohberger won on time"]

1. d4 Nf6 2. c4 e6 3. Nc3 Bb4 4.
e3 b6 5. f3 c5 6. d5 O-O 7. e4 exd5 8. cxd5 d6 9. Ne2 Ba6 10. Ng3 Bxf1 11. Kxf1 Nbd7 12. Kf2 Ne5 13. Rf1 c4 14. Kg1 Bc5+ 15. Kh1 Nd3 16. Qd2 Rb8 17. b3 b5 18. Nxb5 Nf2+ 19. Rxf2 Bxf2 20. Qxf2 Rxb5 21. bxc4 Rc5 22. Nf5 Rxc4 23. Bb2 Ne8 24. Qxa7 f6 25. a4 Rf7 26. Qf2 Rb7 27. a5 Rcb4 28. Bc3 Rb1+ 0-1

[Event "*** Qualifier 2: Titled Tuesday 3|2 Blitz"]
[Site "Chess.com"]
[Date "2017.04.11"]
[Round "7"]
[White "proxy6"]
[Black "Th3ChessViking"]
[Result "0-1"]
[WhiteElo "2204"]
[BlackElo "2291"]
[TimeControl "180+2"]
[EndTime "14:40:14 PDT"]
[Termination "Th3ChessViking won on time"]

1. e4 e6 2. d4 d5 3. Nc3 Bb4 4. e5 c5 5. a3 Bxc3+ 6. bxc3 Ne7 7.
h4 Qa5 8. Bd2 Qa4 9. h5 h6 10. Rh4 cxd4 11. cxd4 b6 12. Rf4 Ba6 13. Nf3 Bxf1 14. Kxf1 Nbc6 15. g4 Rf8 16. Kg2 Kd7 17.
Qb1 Rac8 18. Bb4 Qb5 19. c3 Rc7 20. a4 Qa6 21. Bd6 Rcc8 22. Nd2 Qe2 23. Ra2 Qa6 24. Qb2 f6 25. exf6 Kxd6 26. Qa3+ Kd7 27. Nf3 Rxf6 28. Rxf6 gxf6 29. Ra1 Rg8 30. Nh2 Qd3 31. Re1 Nxd4 32. Qc1 Ne2 33. Qb2 Nf4+ 34. Kg1 Qh3 35. f3 Nxh5 0-1

[Event "*** Qualifier 2: Titled Tuesday 3|2 Blitz"]
[Site "Chess.com"]
[Date "2017.04.11"]
[Round "7"]
[White "Bigfish1995"]
[Black "RitvarsReimanis"]
[Result "1-0"]
[WhiteElo "2644"]
[BlackElo "2421"]
[TimeControl "180+2"]
[EndTime "14:40:16 PDT"]
[Termination "Bigfish1995 won by checkmate"]

1. h4 h6 2. a4 d5 3. a5 a6 4. Nf3 Nc6 5. d4 Bg4 6. c3 e6 7. Nbd2 Nf6 8. Qa4 Bd6 9. Ne5 O-O 10. f3 Bf5 11. g4 Bh7 12. Nxc6 bxc6 13. Nb3 Bc2 14. Kd2 Bxb3 15. Qxb3 c5 16. e3 cxd4 17. exd4 c5 18. dxc5 Bxc5 19. Bd3 d4 20.
Kc2 dxc3 21. bxc3 Nd5 22. g5 h5 23. Be4 Rb8 24. Qc4 Nxc3 25. Kxc3 Rc8 26. Kb3 Bd4 27. Qa4 Rb8+ 28. Ka2 Bxa1 29. Kxa1 Rb5 30. Ba3 Rxa5 31. Qb4 Re8 32. Rb1 e5 33. Qc3 g6 34. Rb3 Qd1+ 35. Kb2 Qd4 36. Qxd4 exd4 37. Bb4 Rb5 38. Bd3 Rb6 39.
Bd2 Rd6 40. Rb7 Ree6 41. Kc2 Rb6 42. Ra7 Rec6+ 43. Kd1 Rb3 44. Be4 Rd6 45. Bf4 Rd8 46. Bc7 Rd7 47. Ra8+ Kh7 48. Be5 f6 49. Bxf6 Rg7 50. Bxd4 Rd7 51. Rh8# 1-0

[Event "*** Qualifier 2: Titled Tuesday 3|2 Blitz"]
[Site "Chess.com"]
[Date "2017.04.11"]
[Round "7"]
[White "FancyPlaySyndrome"]
[Black "GamayevOleg"]
[Result "1/2-1/2"]
[WhiteElo "2386"]
[BlackElo "2392"]
[TimeControl "180+2"]
[EndTime "14:40:20 PDT"]
[Termination "Game drawn by repetition"]

1. e4 d6 2. d4 Nf6 3. Nc3 e5 4.
Nge2 exd4 5. Nxd4 Be7 6. Bc4 O-O 7. O-O c6 8. a4 Nxe4 9. Nxe4 d5 10. Bd3 dxe4 11. Bxe4 Bf6 12. Nf3 Qxd1 13. Rxd1 Nd7 14. c3 Nc5 15. Bc2 Be6 16. Be3 Nb3 17. Ra3 Na5 18. Nd2 Rfd8 19. Kf1 h6 20. Ke2 Nc4 21.
Nxc4 Bxc4+ 22. Ke1 Be7 23. Raa1 Bd5 24. g3 b6 25. Bd3 c5 26. c4 Bf3 27. Be2 Be4 28. a5 Bf6 29. Rxd8+ Rxd8 30. Bc1 Re8 31. Ra3 Bf5 32. Kf1 Bd4 33. axb6 axb6 34. Rb3 Re6 35.
Bf4 g5 36. Bc7 Rc6 37. Bxb6 Bc2 38. Rb5 Ba4 39. Ra5 Rxb6 40. Rxa4 Rxb2 41. Ra6 Kg7 42. Ra8 Rb1+ 43. Kg2 Rb2 44. Re8 f5 45. Kf1 Rb1+ 46.
Kg2 Rb2 47. Kf1 Rb1+ 48. Kg2 Rb2 49. Kf1 f4 50. gxf4 gxf4 51. Kg2 Rb3 52. Re4 Rb2 53.
Kf3 Kg6 54. Kxf4 Bxf2 55. Re6+ Kg7 56. Kf3 Bd4 57. Re4 Rb3+ 58. Kg4 Re3 59. Rxe3 Bxe3 60.
Kf5 Bd4 61. h4 Bg1 62. h5 Bd4 63. Bf3 Bg1 64. Be2 Bf2 65. Bf3 Bd4 66. Be2 Bf6 67. Bf3 Bg5 68. Be2 Be3 69. Bf3 Bd2 70. Be2 Bc1 71.
Bf3 Bb2 72. Be2 Bd4 73. Bf3 Bf2 74. Be2 Bg1 75. Bf3 Bd4 76. Be2 Be3 77. Bf3 Bf2 78.
Be2 Bg1 79. Bf3 Be3 80. Be2 Bd4 1/2-1/2

[Event "*** Qualifier 2: Titled Tuesday 3|2 Blitz"]
[Site "Chess.com"]
[Date "2017.04.11"]
[Round "7"]
[White "jefferyx"]
[Black "sergiochess83"]
[Result "0-1"]
[WhiteElo "2635"]
[BlackElo "2614"]
[TimeControl "180+2"]
[EndTime "14:40:24 PDT"]
[Termination "sergiochess83 won by resignation"]

1. e4 c6 2. Nf3 d5 3. Nc3 Bg4 4.
h3 Bxf3 5. Qxf3 e6 6. d4 dxe4 7. Qxe4 Nd7 8. g3 g6 9. Bg2 Bg7 10. O-O Ne7 11. Ne2 O-O 12. c4 Nf6 13. Qc2 Nf5 14. Rd1 Qb6 15. b3 Rad8 16. Bb2 h5 17.
Bc3 Rd7 18. b4 Rfd8 19. a4 Qc7 20. a5 Ne8 21. Qb2 Ned6 22. Qb3 b5 23. axb6 axb6 24. Ra6 Nc8 25. d5 exd5 26. cxd5 cxd5 27. Bxg7 Kxg7 28. Rxd5 Rxd5 29. Bxd5 Qe5 30. Bf3 Rd2 31. Ra2 Rxa2 32. Qxa2 h4 33. g4 Nd4 34. Nxd4 Qxd4 35. Qb3 Nd6 36. Kg2 Nc4 37. b5 Ne5 38. Qd5 Qxd5 39.
Bxd5 g5 40. Kf1 Nd3 41. Bh1 Nf4 42. Ke1 Kf6 43. Kd2 Ke5 44. Ke3 Nxh3 45. Bc6 Nf4 0-1

[Event "*** Qualifier 2: Titled Tuesday 3|2 Blitz"]
[Site "Chess.com"]
[Date "2017.04.11"]
[Round "7"]
[White "jcibarra"]
[Black "JoachimBN"]
[Result "1-0"]
[WhiteElo "2662"]
[BlackElo "2559"]
[TimeControl "180+2"]
[EndTime "14:40:27 PDT"]
[Termination "jcibarra won by resignation"]

1. e4 e5 2. Nf3 Nf6 3. Nc3 Nc6 4.
d4 exd4 5. Nxd4 Bb4 6. Nxc6 bxc6 7. Bd3 O-O 8. O-O d5 9. exd5 cxd5 10. h3 c6 11. Qf3 Rb8 12. Bf4 Bd6 13. b3 Qc7 14.
Bxd6 Qxd6 15. Qg3 Qxg3 16. fxg3 Re8 17. Rae1 Be6 18. Na4 Nd7 19. g4 h6 20. c3 c5 21. Bf5 c4 22. bxc4 dxc4 23. Bxe6 Rxe6 24.
Rxe6 fxe6 25. Rf4 Rc8 26. Rd4 Nf6 27. Rd6 Kf7 28. Ra6 Rc7 29. Kf2 Nd5 30. Kf3 Ke7 31. Ke4 Nf6+ 32. Kd4 Nd7 33. Nb2 Nb6 34. a4 Rd7+ 35.
Kc5 Rc7+ 36. Kb5 Nd5 37. Nd1 Kd7 38. g3 Ke7 39. h4 Kd7 40. g5 h5 41. g6 Ke7 42. Rc6 Rd7 43. a5 Kf6 44. Rxc4 Ne7 45. Nf2 Nxg6 46. Rc5 Ne5 47. Ne4+ Kf5 48. Ng5 Rd5 49.
Rxd5 exd5 50. Kc5 Kg4 51. Kxd5 Ng6 52. Ne6 Kxg3 53. Nxg7 Kxh4 54. Kc6 Kg4 55. Nxh5 Kxh5 56. Kb7 Ne5 57. Kxa7 Kg6 58. a6 Kf6 59. Kb7 Nc4 60.
a7 Nd6+ 61. Kb8 1-0

[Event "*** Qualifier 2: Titled Tuesday 3|2 Blitz"]
[Site "Chess.com"]
[Date "2017.04.11"]
[Round "7"]
[White "iturrizaga"]
[Black "rst2003"]
[Result "1-0"]
[WhiteElo "2638"]
[BlackElo "2128"]
[TimeControl "180+2"]
[EndTime "14:40:40 PDT"]
[Termination "iturrizaga won by checkmate"]

1. Nf3 Nf6 2. c4 g6 3. g3 Bg7 4.
Bg2 O-O 5. O-O d6 6. Nc3 e5 7.
d4 Nbd7 8. e4 c6 9. h3 Qc7 10.
b3 a6 11. Ba3 Rd8 12. Qd2 Nf8 13. Rfd1 Be6 14. Rac1 Qa5 15. Qb2 b5 16. dxe5 dxe5 17.
Be7 Rxd1+ 18. Rxd1 b4 19. Na4 Nxe4 20. Qe2 Nc3 21. Nxc3 bxc3 22. Ng5 Bf5 23. g4 c2 24. Rc1 Re8 25. Bxf8 Bxf8 26. gxf5 Bh6 27. h4 f6 28. Bxc6 Re7 29. Bd5+ Kg7 30. Ne6+ Rxe6 31. fxe6 Bxc1 32. e7 Bd2 33. e8=Q c1=Q+ 34. Kg2 Qc7 35. Qg4 Bf4 36. Qge6 Qd2 37. Qh8+ Kh6 38. Qexf6 Be3 39. Qhf8+ Kh5 40.
Bf3# 1-0

[Event "*** Qualifier 2: Titled Tuesday 3|2 Blitz"]
[Site "Chess.com"]
[Date "2017.04.11"]
[Round "7"]
[White "likantrophuss"]
[Black "Vrolijk"]
[Result "1-0"]
[WhiteElo "2399"]
[BlackElo "2292"]
[TimeControl "180+2"]
[EndTime "14:40:50 PDT"]
[Termination "likantrophuss won by resignation"]

1. e4 e5 2. Nf3 Nc6 3. d4 exd4 4.
Nxd4 Nf6 5. Nxc6 bxc6 6. Bd3 d6 7. O-O g6 8. b3 Bg7 9. Bb2 O-O 10. Bc3 Re8 11. f3 c5 12. Qd2 Bb7 13. Na3 Nh5 14.
Bxg7 Kxg7 15. Bb5 Rf8 16. Rad1 Qf6 17. Nc4 Rad8 18. Ne3 Nf4 19. c4 Qd4 20. Rf2 Qxd2 21. Rfxd2 Ne6 22. Nc2 h5 23. h4 Kf6 24. g3 Rg8 25. Kf2 Ke7 26. Re1 g5 27. hxg5 Rxg5 28. f4 Rgg8 29. e5 dxe5 30. Rxd8 Rxd8 31. Rxe5 Rd2+ 32.
Re2 Rd3 33. Ne1 Rd4 34. f5 h4 35. fxe6 fxe6 36. gxh4 Rxh4 37. Kg3 Rd4 38. Re3 Rd2 39. Nd3 Kd6 40. Ne5 c6 41. Ba4 Rxa2 42. Nf7+ Kd7 43. Ng5 Ra1 44. Nxe6 Kd6 45. Nd8 Bc8 46. Nf7+ Kc7 47.
Re7+ Kb6 48. Ne5 Re1 49. Nd7+ Bxd7 50. Rxe1 1-0

[Event "*** Qualifier 2: Titled Tuesday 3|2 Blitz"]
[Site "Chess.com"]
[Date "2017.04.11"]
[Round "7"]
[White "jlandaw"]
[Black "donotreadit"]
[Result "0-1"]
[WhiteElo "2358"]
[BlackElo "2526"]
[TimeControl "180+2"]
[EndTime "14:40:51 PDT"]
[Termination "donotreadit won by resignation"]

1. e4 c5 2. Nc3 a6 3. g3 b5 4. Bg2 Bb7 5. a3 e6 6. Nge2 Nf6 7. d4 cxd4 8. Nxd4 d6 9. O-O Nbd7 10.
Re1 Qc7 11. g4 Ne5 12. g5 Nfd7 13. h4 Be7 14. f4 Nc4 15. Kh1 O-O 16. h5 Rfe8 17.
g6 Nf8 18. gxf7+ Kxf7 19. Qg4 Bf6 20. Nf3 Kg8 21. f5 exf5 22. Qxf5 Bc8 23. Qf4 Bb7 24.
h6 Ng6 25. Qg3 Nce5 26. hxg7 Bxg7 27. Ng5 Qe7 28. Nd5 Bxd5 29. exd5 Rf8 30. Ne6 Rf5 31. Bg5 Qf7 32. Be4 h6 33. Bxf5 Qxf5 34. Nxg7 Kxg7 35. Rf1 Qxg5 36. Qxg5 hxg5 37. c3 Nf4 38. Kg1 Rh8 39. Kf2 Rh2+ 40. Ke3 Re2+ 41. Kd4 Kf6 42. c4 bxc4 43. Rh1 Kf5 44. Rh6 Rxb2 45.
Rxd6 Rd2+ 46. Kc5 c3 47. Rc1 c2 48. Kb6 Nc4+ 49. Kc7 Nxd6 50. Kxd6 0-1

[Event "*** Qualifier 2: Titled Tuesday 3|2 Blitz"]
[Site "Chess.com"]
[Date "2017.04.11"]
[Round "7"]
[White "stepanosinovsky"]
[Black "biostatistician"]
[Result "0-1"]
[WhiteElo "2226"]
[BlackElo "2436"]
[TimeControl "180+2"]
[EndTime "14:40:59 PDT"]
[Termination "biostatistician won by resignation"]

1. e4 e6 2. d3 d5 3. Nd2 Nf6 4.
Ngf3 Nc6 5. g3 Bc5 6. Bg2 O-O 7. O-O dxe4 8. dxe4 e5 9. c3 a5 10. Qc2 b6 11. Nc4 Ba6 12. Rd1 Qe7 13. Ne3 Bxe3 14.
Bxe3 Rfd8 15. Nh4 g6 16. Bg5 Kg7 17. Rxd8 Rxd8 18. Rd1 h6 19. Bc1 Rxd1+ 20. Qxd1 Qd7 21. Qxd7 Nxd7 22. Nf3 Bc4 23. b3 Bd3 24. Nd2 h5 25. f3 f5 26. Kf2 Kf6 27. exf5 gxf5 28. Ke3 Bc2 29. f4 e4 30. Bf1 Nc5 31. Be2 Kg6 32. Ba3 Nd3 33. h3 Na7 34. c4 Nc6 35. g4 hxg4 36. hxg4 Ndb4 37. gxf5+ Kxf5 38. Bf1 Nxa2 39. Bh3+ Kf6 40. Bb2+ Ke7 41. f5 Nab4 42. f6+ Kf7 43. Bd7 Nb8 44. Bf5 N8a6 45. Nxe4 Bxe4 46. Kxe4 Nc5+ 47.
Kf4 Nbd3+ 0-1

[Event "*** Qualifier 2: Titled Tuesday 3|2 Blitz"]
[Site "Chess.com"]
[Date "2017.04.11"]
[Round "7"]
[White "Cayse"]
[Black "Noukii"]
[Result "1-0"]
[WhiteElo "2614"]
[BlackElo "2622"]
[TimeControl "180+2"]
[EndTime "14:41:10 PDT"]
[Termination "Cayse won by resignation"]

1. e4 e5 2. Nf3 Nc6 3. Bc4 Nf6 4.
Ng5 d5 5. exd5 Na5 6. Bb5+ Bd7 7. Qe2 Be7 8. Nc3 O-O 9. Bxd7 Qxd7 10. Nf3 e4 11.
Nxe4 Nxd5 12. d3 f5 13. Ne5 Qe6 14. Nc3 Nxc3 15. bxc3 Bf6 16. d4 Rfe8 17. f4 c5 18.
O-O Rac8 19. Be3 b6 20. Qd3 g6 21. Rfe1 cxd4 22. cxd4 Qd5 23. Bf2 Re7 24. Re2 Rec7 25. Be1 Nc4 26. a4 Nd6 27. Bb4 Ne4 28. c4 Rxc4 29.
Nxc4 Qxd4+ 30. Qxd4 Bxd4+ 31. Kf1 Bxa1 32. Ne3 a5 33. Be1 Rc1 34. Rc2 Rb1 35. Ke2 Bd4 36. Nd5 Bc5 37. Bc3 Kf7 38. Be5 Ke6 39.
Nc7+ Kd7 40. Nd5 Rg1 41. Kd3 Rd1+ 42. Kc4 Kc6 43. Nc3 Nxc3 44. Bxc3 Rf1 45. g3 Rf2 46. Rc1 Rxh2 47. Re1 Rg2 48. Re6+ Kd7 49. Rf6 Ke7 50.
Rc6 Rxg3 51. Be5 Ra3 52. Rc7+ Ke6 53. Rc6+ Kd7 54. Rc7+ Kd8 55. Kd5 Rd3+ 56. Ke6 h5 57.
Rb7 Ke8 58. Bc7 Kf8 59. Rb8+ Kg7 60. Be5+ 1-0

[Event "*** Qualifier 2: Titled Tuesday 3|2 Blitz"]
[Site "Chess.com"]
[Date "2017.04.11"]
[Round "7"]
[White "jcgs1030"]
[Black "TheNextLevelFan"]
[Result "0-1"]
[WhiteElo "2286"]
[BlackElo "2385"]
[TimeControl "180+2"]
[EndTime "14:41:12 PDT"]
[Termination "TheNextLevelFan won by resignation"]

1. e4 e5 2. f4 exf4 3. Nf3 Ne7 4.
d4 d5 5. e5 Ng6 6. Bd3 c5 7.
c3 Nc6 8. O-O Be7 9. Kh1 Be6 10.
a3 Qd7 11. b4 c4 12. Bc2 Bf5 13. a4 O-O 14. Na3 f6 15. exf6 Bxf6 16. Bd2 Nce7 17. Qc1 Rae8 18. Bxf4 Nxf4 19. Qxf4 Bxc2 20. Nxc2 Qf5 21.
Qd2 Qd7 22. b5 Nf5 23. Rae1 Re4 24. Nb4 Rfe8 25. Rxe4 dxe4 26. Ne1 e3 27. Qe2 Nd6 28. Nf3 Ne4 29. Qxc4+ Kh8 30. Re1 Rc8 31. Qd5 Qg4 32.
Rxe3 Nf2+ 33. Kg1 Nh3+ 34. Kf1 Nf4 35. Qe4 Qxg2+ 36. Ke1 Qh1+ 37. Kd2 Qg2+ 38. Kc1 g5 39. Qf5 Rxc3+ 40. Rxc3 Ne2+ 41. Kd2 Nxd4+ 42. Kd3 Nxf5 43. Nd4 Qf1+ 44. Ne2 Bxc3 45. Nd5 Bg7 46. Kd2 Nd4 47. Nec3 Qf2+ 48. Kd3 Qc2+ 49. Kc4 Ne2 50. a5 Nxc3 0-1

[Event "*** Qualifier 2: Titled Tuesday 3|2 Blitz"]
[Site "Chess.com"]
[Date "2017.04.11"]
[Round "7"]
[White "EvgenyT"]
[Black "GMHess"]
[Result "1-0"]
[WhiteElo "2587"]
[BlackElo "2621"]
[TimeControl "180+2"]
[EndTime "14:41:19 PDT"]
[Termination "EvgenyT won by checkmate"]

1. Nf3 Nf6 2. c4 e6 3. g3 d5 4.
Bg2 Be7 5. O-O dxc4 6. Qc2 O-O 7.
Qxc4 a6 8. Qc2 c5 9. Ne5 Nbd7 10. Nxd7 Qxd7 11. a4 Rd8 12. a5 Qc7 13. d3 Nd5 14.
Nd2 Nb4 15. Qb3 e5 16. Nc4 Be6 17. Bd2 Rac8 18. Rfc1 Nc6 19. Bc3 f6 20. Qa4 Nd4 21. Bxd4 Rxd4 22. Qb3 Rb8 23. Ra3 Qd7 24. Nb6 Bxb3 25.
Nxd7 Rxd7 26. Rxb3 Rc7 27. Rb6 Bd8 28. Rd6 Be7 29. Re6 Kf7 30. Bd5 Kf8 31. Be4 g6 32. b4 Rbc8 33. bxc5 Rxc5 34. Rxc5 Rxc5 35. Rb6 Rxa5 36. Rxb7 Ra1+ 37. Kg2 a5 38. Rb8+ Kg7 39. Rb7 Kf8 40. Rb8+ Kf7 41. Bd5+ Kg7 42. Rb7 Kf8 43.
Rb8+ Kg7 44. Rg8+ Kh6 45. Re8 Bb4 46. h4 Re1 47. Kf3 Bc3 48. Rc8 Bd4 49. Rc7 g5 50.
Be4 gxh4 51. Rxh7+ Kg5 52. gxh4# 1-0

[Event "*** Qualifier 2: Titled Tuesday 3|2 Blitz"]
[Site "Chess.com"]
[Date "2017.04.11"]
[Round "7"]
[White "bilelou"]
[Black "Iball95"]
[Result "0-1"]
[WhiteElo "2354"]
[BlackElo "2545"]
[TimeControl "180+2"]
[EndTime "14:41:19 PDT"]
[Termination "Iball95 won by resignation"]

1. e4 c6 2. d4 d5 3. e5 Bf5 4. h4 h5 5. Bd3 Bxd3 6. Qxd3 e6 7. Bg5 Be7 8. Nf3 Qa5+ 9. Nbd2 Qa6 10. c4 dxc4 11. Nxc4 Nd7 12. O-O Nh6 13. Bxe7 Kxe7 14. Qb3 Nf5 15. Qb4+ Ke8 16. Ng5 Qb5 17. Qc3 Qd5 18.
Rad1 Nf8 19. Rfe1 Rd8 20. Ne4 Ng6 21. Ncd6+ Nxd6 22. Nxd6+ Rxd6 23. exd6 Nxh4 24. Qg3 Nf5 25. Qa3 a6 26. Qb4 Qb5 27. Qc3 Qd5 28. Re5 Qxd6 29.
Qb3 Nxd4 30. Qe3 Nf3+ 31. Qxf3 Qxe5 32. Qb3 Qc7 33. Qc3 f6 34. Qd3 Kf7 35. Qe2 h4 36. Re1 Qd6 37. Rd1 Qc7 38. Re1 Qd6 39. Rd1 Qc7 40.
Re1 e5 41. Qc4+ Kg6 42. Qd3+ f5 43. f4 e4 44. Qb3 Qxf4 45. Qe6+ Kh5 46. Rf1 Qe3+ 47.
Kh1 g6 48. Qe5 Rh6 49. Rg1 Qg3 50. Qc5 e3 51. Qc2 Qf2 52. Qc3 Kg5 53. Qd4 Qf4 54. Qd8+ Kg4 55. Re1 h3 56. Qd1+ Kg5 57. g3 Qe4+ 0-1

[Event "*** Qualifier 2: Titled Tuesday 3|2 Blitz"]
[Site "Chess.com"]
[Date "2017.04.11"]
[Round "7"]
[White "MorpheusPro"]
[Black "dolynachess"]
[Result "1-0"]
[WhiteElo "2166"]
[BlackElo "2314"]
[TimeControl "180+2"]
[EndTime "14:41:26 PDT"]
[Termination "MorpheusPro won by resignation"]

1. d4 Nf6 2. Nf3 c5 3. c3 b6 4.
Bf4 Bb7 5. e3 d6 6. Nbd2 Nbd7 7.
Bc4 e6 8. O-O a6 9. a4 Be7 10.
h3 O-O 11. Bh2 Ra7 12. Be2 Qa8 13. Nc4 Ne4 14. Qb3 Bd5 15. Qd1 Rc8 16. Ncd2 Nxd2 17.
Qxd2 Nf6 18. Qd1 Ne4 19. Re1 Bc6 20. Bf1 Qb7 21. Nd2 b5 22. axb5 axb5 23. Rxa7 Qxa7 24. Nxe4 Bxe4 25. Bxb5 Bxg2 26. Kxg2 Qb7+ 27. d5 Qxb5 28. dxe6 fxe6 29. Qg4 Qc6+ 30. e4 Qd7 31. Rd1 Bf8 32. Be5 Rc6 33. Qg3 Qe7 34. Bf4 Rb6 35. Rd2 g6 36. f3 e5 37. Bg5 Qb7 38. Qg4 Qf7 39.
h4 h5 40. Qc8 Kh7 41. Kg3 Bg7 42.
Qd8 Bf8 43. Qxb6 Be7 44. Bxe7 Qxe7 45. Qxd6 Qf7 46. Qd7 Qxd7 47. Rxd7+ Kh6 48. Rc7 1-0

[Event "*** Qualifier 2: Titled Tuesday 3|2 Blitz"]
[Site "Chess.com"]
[Date "2017.04.11"]
[Round "7"]
[White "GrigorGrigorov"]
[Black "MITerryble"]
[Result "0-1"]
[WhiteElo "2501"]
[BlackElo "2639"]
[TimeControl "180+2"]
[EndTime "14:41:31 PDT"]
[Termination "MITerryble won by resignation"]

1. d4 e6 2. c4 Bb4+ 3. Bd2 Qe7 4.
Nf3 Nf6 5. g3 Nc6 6. Nc3 O-O 7.
Bg2 d6 8. O-O Bxc3 9. Bxc3 Ne4 10. Qc2 Nxc3 11. Qxc3 e5 12. d5 Nb8 13. c5 Bg4 14.
cxd6 cxd6 15. Rac1 Na6 16. Qa3 Rfc8 17. e4 Nc5 18.
Qe3 Bxf3 19. Bxf3 a5 20. Bg4 Rc7 21. Rc2 b5 22. h4 b4 23. Rfc1 Rb8 24. Rc4 h6 25.
Kg2 Qe8 26. Bh3 Qb5 27. Bg4 Qb6 28. Be2 Rbc8 29. g4 f6 30. g5 fxg5 31. hxg5 Rf8 32. Rh1 Rf4 33. gxh6 Rcf7 34. f3 Qd8 35. Rxc5 dxc5 36.
Qxc5 gxh6 37. Kf2 Qf6 38. Ke3 Rxf3+ 39. Kd2 Qf4+ 40. Kc2 Qxe4+ 41. Kd2 Rf2 42. Rg1+ Kh7 43. Qb5 Qd4+ 44. Qd3+ Qxd3+ 45. Kxd3 Rg7 46. Re1 Rf4 47. Bd1 Rd4+ 48. Ke3 Rxd5 49. Bc2+ Kh8 50. Rh1 Rd6 51. Rh3 Rg5 52. Bb3 Kg7 53. Ke4 Rd4+ 54. Ke3 h5 55. Rf3 h4 56. Rf7+ Kg6 57. Rf8 Rg3+ 58. Kf2 Rf4+ 59.
Rxf4 exf4 0-1